 Dungeon Crawl Stone Soup version 0.31-a0-216-g22e908daa7 (webtiles) character file.

Game seed: 2191560660147621435

137 qw the Shooter (level 5, -12/45 HPs)
             Began as a Minotaur Hexslinger on July 2, 2023.
             Mangled by an ogre
             ... wielding a +0 giant spiked club
              (17 damage)
             ... on level 4 of the Dungeon.
             The game lasted 00:00:50 (2017 turns).

qw the Shooter (Minotaur Hexslinger)                Turns: 2017, Time: 00:00:51

Health: -12/45     AC:  5    Str: 13    XL:     5   Next: 0%
Magic:  5/5        EV: 11    Int: 10    God:
Gold:   176        SH:  0    Dex: 14    Spells: 5/6 levels left

rFire   . . .        Y - +1 sling
rCold   . . .        (no shield)
rNeg    . . .        e - +0 ring mail
rPois   .            (helmet restricted)
rElec   .            (no cloak)
rCorr   .            (no gloves)
SInv    .            (no boots)
Will    .....        (no amulet)
Stlth   +            (no ring)
HPRegen 0.27/turn    (no ring)
MPRegen 0.09/turn

%: no passive effects
@: lethally poisoned (-12 -> -30)
A: horns 2, retaliatory headbutt
a: no special abilities


You were on level 4 of the Dungeon.
You visited 1 branch of the dungeon, and saw 4 of its levels.

You collected 176 gold pieces.


Innate Abilities, Weirdness & Mutations

You have a pair of horns on your head.
You reflexively headbutt those who attack you in melee.


   Skills:
 - Level 3.0 Fighting
 - Level 5.1 Ranged Weapons
 + Level 0.1 Armour
 - Level 2.1 Dodging
 - Level 1.0 Spellcasting
 - Level 2.0 Hexes


You had 5 spell levels left.
You knew the following spells:

 Your Spells              Type           Power      Damage    Failure   Level
a - Slow                  Hex            16%        N/A       32%         1

Your spell library contained the following spells:

 Spells                   Type           Power      Damage    Failure   Level
 Inner Flame              Hex/Fire       2%         N/A       83%         3
 Portal Projectile        Hex/Tloc       4%         N/A       83%         3
 Cause Fear               Hex            2%         N/A       97%         4

Inventory:

Hand Weapons
 Y - a +1 sling (weapon)
Armour
 c - a +0 pair of boots
 e - a +0 ring mail (worn)
Scrolls
 d - a scroll of identify
Potions
 a - a potion of heal wounds
 f - a potion of might
 g - a potion of curing {unknown}
 h - a potion of cancellation {unknown}
 i - a potion of ambrosia {unknown}

Dungeon Overview and Level Annotations

Branches:
Dungeon (4/15)
 Temple: D:4-7

Altars:
Qazlal


Message History

You kill the quokka!
You have reached level 5!
A scorpion comes into view.
Found 5 stones.
You shoot a sling bullet. The sling bullet hits the scorpion.
The scorpion is moderately wounded.
You hear a shout! x2
You shoot a sling bullet.
The sling bullet closely misses the scorpion.
You hear a shout!
The scorpion stings you.
You are poisoned.
The scorpion poisons you!
An ogre comes into view. It is wielding a +0 giant spiked club.
The scorpion barely misses you. You furiously retaliate!
You headbutt the scorpion. You shoot a sling bullet.
The sling bullet hits the scorpion but does no damage.
The scorpion is heavily wounded.
You feel very sick. The scorpion stings you.
You shoot a sling bullet.
The sling bullet hits the scorpion but does no damage.
The scorpion is heavily wounded.
You feel sick. The scorpion stings you.
You are more poisoned.
The scorpion poisons you! The scorpion stings you.
You shoot a sling bullet.
The sling bullet closely misses the scorpion.
You feel very sick. The scorpion stings you.
You are lethally poisoned!
The scorpion poisons you!
You shoot a sling bullet.
The sling bullet hits the scorpion but does no damage.
The scorpion is heavily wounded.
You feel very sick. The scorpion barely misses you. The scorpion stings you!
The ogre hits you with a +0 giant spiked club!
You die...

########################
..'.....................
#...O@................
###.s##.............<.
#.( #..#############
'... #..# .#........ ..
#......%.# # ######..##
#..# ....


You could see an ogre and a scorpion.

Vanquished Creatures
  A sleepcap (D:3)
  Ijyb (D:3)
  An adder (D:2)
  3 worms
  A dart slug (D:1)
  7 ball pythons
  4 endoplasms
  2 giant cockroaches
  4 goblins
  6 hobgoblins
  5 jackals (D:2)
  8 kobolds
  2 quokkas
  4 bats
  6 frilled lizards
  5 rats
60 creatures vanquished.

Notes
Turn   | Place    | Note
-------+----------+-------------------------------------------
     0 | D:1      | qw the Minotaur Hexslinger began the quest for the Orb.
     0 | D:1      | Reached XP level 1. HP: 16/16 MP: 1/1
     0 | D:1      | 0 ||| qw: Version: 0.3-a-35-g05ef00e
     0 | D:1      | 0 ||| qw: Game counter: 7847
     0 | D:1      | 0 ||| qw: Melee chars always use a shield: true
     0 | D:1      | 0 ||| qw: God list: Okawaru
     0 | D:1      | 0 ||| qw: Allow faded altars: false
     0 | D:1      | 0 ||| qw: Do Orc after clearing Dungeon:15 true
     0 | D:1      | 0 ||| qw: Do second Lair branch before Depths: true
     0 | D:1      | 0 ||| qw: Lair rune preference: random
     0 | D:1      | 0 ||| qw: Goals: Normal
     0 | D:1      | 0 ||| PLANNING D:1-11
   166 | D:1      | Reached skill level 3 in Ranged Weapons
   167 | D:1      | Reached XP level 2. HP: 23/23 MP: 2/2
   412 | D:1      | Reached XP level 3. HP: 29/29 MP: 3/3
   583 | D:1      | 583 ||| READING scroll labelled BAOGUW HAIZAEV.
   584 | D:1      | 584 ||| DRINKING 2 bubbling orange potions.
   585 | D:1      | 585 ||| DROPPING scroll of poison.
   586 | D:1      | 586 ||| DROPPING potion of brilliance.
   625 | D:2      | 625 ||| STAIRDANCE
   823 | D:2      | Found a stormy altar of Qazlal.
   943 | D:2      | Reached skill level 4 in Ranged Weapons
  1256 | D:2      | 1256 ||| UPGRADING to +0 leather armour.
  1266 | D:2      | 1266 ||| DROPPING +0 robe.
  1267 | D:2      | 1267 ||| READING scroll labelled UPSYES ZEGOSH.
  1268 | D:2      | 1268 ||| DRINKING 2 orange potions.
  1269 | D:2      | 1269 ||| DROPPING potion of attraction.
  1306 | D:3      | 1306 ||| STAIRDANCE
  1309 | D:2      | Reached XP level 4. HP: 31/36 MP: 4/4
  1389 | D:3      | Reached skill level 5 in Ranged Weapons
  1484 | D:3      | 1484 ||| Stepping ~*~*~tactically~*~*~ (water).
  1486 | D:3      | 1486 ||| Stepping ~*~*~tactically~*~*~ (water).
  1578 | D:3      | Found a faded altar of an unknown god.
  1628 | D:3      | Noticed Ijyb
  1641 | D:3      | Killed Ijyb
  1641 | D:3      | HP: 8/36 [worm (6)]
  1642 | D:3      | Reached skill level 3 in Fighting
  1954 | D:3      | 1954 ||| UPGRADING to +0 ring mail.
  1964 | D:3      | 1964 ||| DROPPING +0 leather armour.
  1965 | D:3      | 1965 ||| READING 3 scrolls of identify.
  1965 | D:3      | 1965 ||| IDENTIFYING lumpy orange potion
  1966 | D:3      | 1966 ||| READING 2 scrolls of identify.
  1966 | D:3      | 1966 ||| IDENTIFYING brown potion
  2009 | D:4      | Reached XP level 5. HP: 45/45 MP: 5/5
  2013 | D:4      | Noticed an ogre
  2017 | D:4      | HP: 5/45 [scorpion (7)]
  2017 | D:4      | Mangled by an ogre

Levels and vault maps discovered:
D:1:      ebering_trefoil_3fold, layout_basic
D:2:      layout_basic, serial_rivers, chequers_serial_rivers_micro_d,
          chequers_serial_rivers_large_b, chequers_serial_rivers_micro_d,
          chequers_serial_rivers_room_b, basic_altar
D:3:      layout_rooms, basic_ecumenical_altar, chequers_serial_rivers_micro_d,
          kennysheep_boxes, uniq_ijyb
D:4:      layout_gridville, makhleb_heckhound_becter

Skill      XL: |  1  2  3  4 |
---------------+-------------+-----
Ranged Weapons | 3 4 5 |  5.1
Fighting       | 2 3 |  3.0
Armour         | |  0.1
Dodging        | |  2.1
Spellcasting   | |  1.0
Hexes          | |  2.0

Action                     |  1- 3 |  4- 6 || total
---------------------------+-------+-------++-------
   Fire: Sling             |   151 |    43 ||   194
    Use: Scroll            |     2 |     2 ||     4
         Potion            |     2 |       ||     2
 Armour: Robe              |    17 |       ||    17
         Leather armour    |     1 |     2 ||     3
  Dodge: Dodged            |    36 |    10 ||    46

Table legend:
 A = Non-vault XP
 B = Vault XP
 C = Vault XP percentage of total XP
 D = Non-vault monster count
 E = Vault monster count
 F = Vault count percentage of total count
                 A         B        C        D         E       F
            +---------+---------+-------+---------+---------+-------
      Total |     161 |      36 |  18.3 |      59 |       1 |   1.7
            +---------+---------+-------+---------+---------+-------
        D:1 |      45 |       0 |   0.0 |      24 |       0 |   0.0
        D:2 |      60 |       0 |   0.0 |      24 |       0 |   0.0
        D:3 |      54 |      36 |  40.0 |      10 |       1 |   9.1
        D:4 |       2 |       0 |   0.0 |       1 |       0 |   0.0
            +---------+---------+-------+---------+---------+-------
